 Dungeon Crawl Stone Soup version 0.28-a0-445-g51f8dfeb47 (webtiles) character file.

Game seed: 17723767730053173616

1470 Dabor the Conjurer (level 8, -7/63 HPs)
             Began as a Pale Draconian Conjurer on Sept 13, 2021.
             Was an Initiate of Gozag.
             Mangled by a two-headed ogre (21 damage)
             ... on level 8 of the Dungeon.
             The game lasted 00:33:18 (6819 turns).

Dabor the Conjurer (Pale Draconian Conjurer)        Turns: 6819, Time: 00:33:18

Health: -7/63      AC:  6    Str: 10    XL:     8   Next: 49%
Magic:  13/14      EV: 12    Int: 20    God:    Gozag
Gold:   719        SH:  7    Dex: 10    Spells: 12/15 levels left

rFire   . . .      SeeInvis .   m - +1 dagger (venom)
rCold   . . .      Faith    .   c - +3 buckler
rNeg    . . .      Spirit   .   (armour unavailable)
rPois   .          Reflect  .   (helmet restricted)
rElec   .          Harm     .   (no cloak)
rCorr   .          Rampage  .   (no gloves)
Will    .....                   (no boots)
Stlth   ++........              (no amulet)
HPRegen 0.20/turn               f - ring of flight
MPRegen 0.14/turn               j - ring of wizardry

@: flying
A: breathe steam, AC +6, unfitting armour, cold-blooded, steam resistance
a: Breathe Steam, Renounce Religion, Potion Petition, Call Merchant, Bribe
Branch


You were on level 8 of the Dungeon.
You worshipped Gozag.
Gozag was pleased with you.
You visited 1 branch of the dungeon, and saw 7 of its levels.

You collected 719 gold pieces.

Inventory:

Hand Weapons
 b - a +0 trident
 m - a +1 dagger of venom (weapon)
Missiles
 d - 15 poisoned darts
 h - 3 javelins
 s - 6 curare-tipped darts
Armour
 c - a +3 buckler (worn)
Magical Staves
 l - a staff of poison
Jewellery
 f - a ring of flight (left hand)
 j - a ring of wizardry (right hand)
Wands
 o - a wand of digging (5)
Scrolls
 k - a scroll of immolation
 p - a scroll of silence
Potions
 a - 2 potions of flight
 e - 2 potions of might
 g - 2 potions of curing
 r - a potion of attraction
 t - a potion of haste
 u - a potion of ambrosia
 v - a potion of magic


   Skills:
 - Level 3.1 Fighting
 + Level 4.0 Dodging
 + Level 4.4 Stealth
 + Level 3.5 Shields
 + Level 4.1 Spellcasting
 + Level 5.7 Conjurations
 + Level 2.4 Fire Magic
 + Level 2.4 Air Magic
 + Level 2.5 Evocations


You had 12 spell levels left.
You knew the following spells:

 Your Spells              Type           Power      Damage    Failure   Level
a - Magic Dart            Conj           100%       1d8       1%          1
b - Searing Ray           Conj           54%        2d6       1%          2

Your spell library contained the following spells:

 Spells                   Type           Power      Damage    Failure   Level
 Corpse Rot               Necr/Air       N/A        N/A       4%          2
 Poisonous Vapours        Pois/Air       18%        N/A       4%          2
 Dazzling Flash           Conj/Hex       30%        N/A       4%          3
 Stone Arrow              Conj/Erth      30%        3d8       4%          3
 Sandblast                Erth           8%         2d5       5%          1
 Passwall                 Tmut/Erth      3%         N/A       9%          2
 Fulminant Prism          Conj/Hex       7%         3d7       16%         4
 Iskenderun's Mystic Bla  Conj/Tloc      15%        2d5       16%         4
 Lehudib's Crystal Spear  Conj/Erth      7%         10d3      100%        8
 Animate Armour           Summ/Erth      Unusable   N/A       N/A         4

Dungeon Overview and Level Annotations

Branches:
Dungeon (8/15)             Temple (0/1) D:4
   Lair: D:8-11

Altars:
Cheibriados
Gozag
Makhleb
Nemelex Xobeh
Okawaru
Uskayaw
Yredelemnul
The Shining One

Shops:
D:4 (

Annotations:
D:7 Joseph


Innate Abilities, Weirdness & Mutations

You can breathe blasts of scalding, opaque steam.
Your pale cyan-grey scales are hard. (AC +6)
You cannot fit into any form of body armour.
You are cold-blooded and may be slowed by cold attacks.
You are immune to the effects of steam.


Message History

The searing ray hits Joseph.
Joseph is lightly wounded.
Joseph shouts!
The searing ray hits the necrophage!
The necrophage is moderately damaged. (Press . to maintain the ray.) Joseph unwields a +0 quarterstaff.
Joseph wields a +0 hunting sling.
Joseph shoots a sling bullet.
The sling bullet hits you!
The searing ray hits Joseph.
Joseph is lightly wounded.
The searing ray hits the necrophage.
The necrophage is heavily damaged.
The searing ray hits Joseph.
Joseph is lightly wounded.
The searing ray hits the necrophage!
The necrophage is severely damaged.
Joseph shoots a sling bullet.
The sling bullet hits you!
The searing ray hits Joseph.
Joseph is lightly wounded.
The searing ray hits the necrophage!
You destroy the necrophage!
You finish channelling your searing ray.
Joseph shoots a sling bullet.
The sling bullet hits you!
Joseph shoots a sling bullet.
You block the sling bullet.
Joseph shoots a sling bullet.
The sling bullet hits you!
* * * LOW HITPOINT WARNING * * *
Joseph shoots a sling bullet.
You block the sling bullet.
Joseph shoots a sling bullet.
The sling bullet closely misses you.
Joseph shoots a sling bullet.
The sling bullet hits you.
* * * LOW HITPOINT WARNING * * *
Joseph shoots a sling bullet.
The sling bullet misses you.
Joseph shoots a sling bullet.
You block the sling bullet.
There is a stone staircase leading down here.
You fly downwards.
You hear the roar of battle.
There is an entrance to a bailey on this level.
Hurry and find it before the portal closes forever!
You hear the steady creaking of a distant portcullis.
The two-headed ogre hits you with a +0 giant club!!
You die...
Your body crumbles into a pile of gold.

#.# #....######
#)# #.#
#....#.)).#####.#
#.#
#....#.##....##.#
#.#
#....#.#...#.##:#
#.#
######.#...#.##.#
#.# #.#...#....#
##+#.#.######
##......#
#.@....##
#.O....#
#.......#
#.......#
#.$.##### #...#
#...# #...#


You could see a two-headed ogre.

Vanquished Creatures
  Prince Ribbit (D:5)
  2 necrophages
  An ogre (D:7)
  An elf zombie (D:4)
  2 elf skeletons (D:4)
  A scorpion (D:4)
  A water moccasin skeleton (D:5)
  2 jellies
  A human zombie (D:4)
  4 orc priests
  A bullfrog skeleton (D:5)
  A centaur skeleton (D:4)
  3 iguanas
  5 orc wizards
  A scorpion zombie (D:5)
  A hound skeleton (D:4)
  6 gnolls
  3 adders
  An ufetubus (D:4)
  4 dart slugs
  27 orcs
  8 ball pythons
  8 bats
  5 endoplasms
  6 giant cockroaches
  5 goblins
  9 hobgoblins
  4 jackals (D:1)
  4 quokkas
  6 kobolds
  2 orc skeletons (D:4)
  9 rats
135 creatures vanquished.

Vanquished Creatures (others)
  2 plants (D:4)
2 creatures vanquished.

Grand Total: 137 creatures vanquished

Notes
Turn   | Place    | Note
-------+----------+-------------------------------------------
     0 | D:1      | Dabor the Draconian Conjurer began the quest for the Orb.
     0 | D:1      | Reached XP level 1. HP: 14/14 MP: 3/3
   203 | D:1      | Reached XP level 2. HP: 3/20 MP: 3/5
  1061 | D:1      | Reached XP level 3. HP: 27/27 MP: 4/6
  1447 | D:1      | Reached skill level 1 in Fighting
  2618 | D:2      | Found a faded altar of an unknown god.
  2625 | D:2      | Became a worshipper of Gozag Ym Sagoz the Greedy
  2680 | D:2      | Reached skill level 1 in Shields
  2680 | D:2      | Reached XP level 4. HP: 35/35 MP: 5/7
  2989 | D:3      | Learned a level 2 spell: Searing Ray
  3456 | D:3      | Reached XP level 5. HP: 37/41 MP: 1/9
  4402 | D:3      | Found a sparkling altar of Nemelex Xobeh.
  4408 | D:3      | Found an opulent altar of Gozag.
  4675 | D:4      | Found Johubb's Antique Weapon Shoppe.
  4834 | D:4      | Reached XP level 6. HP: 31/49 MP: 4/10
  5053 | D:4      | Found a staircase to the Ecumenical Temple.
  5199 | D:4      | Found a glowing golden altar of the Shining One.
  5301 | D:4      | Reached skill level 5 in Conjurations
  5413 | D:4      | Your scales start taking on a pale cyan-grey colour.
  5413 | D:4      | Reached XP level 7. HP: 37/57 MP: 1/12
  5413 | D:4      | Gained mutation: You are immune to the effects of steam.
                  | [Pale Draconian growth]
  5946 | D:4      | Found a burning altar of Makhleb.
  6108 | D:5      | Entered Level 5 of the Dungeon
  6126 | D:5      | Reached skill level 1 in Air Magic
  6138 | D:5      | Reached skill level 1 in Fire Magic
  6138 | D:5      | Reached skill level 1 in Evocations
  6171 | D:5      | Noticed Prince Ribbit
  6206 | D:5      | Found a basalt altar of Yredelemnul.
  6206 | D:5      | Found an iron altar of Okawaru.
  6206 | D:5      | Found a snail-covered altar of Cheibriados.
  6322 | D:5      | Killed Prince Ribbit
  6323 | D:5      | Reached XP level 8. HP: 63/63 MP: 5/13
  6384 | D:5      | You are sucked into a shaft and drop 3 floors!
  6513 | D:8      | Noticed a two-headed ogre
  6755 | D:7      | Found a hide-covered altar of Uskayaw.
  6784 | D:7      | Noticed Joseph
  6819 | D:8      | Mangled by a two-headed ogre

Illustrated notes

Levels and vault maps discovered:
D:1:      dpeg_arrival_rooms_with_view, layout_basic, serial_aquarium,
          aquarium_bridge_square [aquarium_subvault_bridge,
          aquarium_subvault_bridge, aquarium_subvault_wall,
          aquarium_subvault_wall], aquarium_window_corridor_1,
          aquarium_window_corner, aquarium_window_double, aquarium_view_2a
D:2:      layout_loops_ring, dilly_ecumenical_altar_fadedgnrine,
          kennysheep_cross_bottleneck
D:3:      layout_loops_ring, grunt_temple_overflow_opulence
D:4:      layout_rooms, mainiacjoe_overflow_alcove_2,
          mainiacjoe_overflow_six_doors_small, minmay_temple_entry_proselytizer,
          nicolae_ossuary_entry_catacombs, serial_shops,
          nicolae_shop_overgrown_old_shop
D:5:      layout_rooms, mainiacjoe_overflow_boulevard,
          chequers_temple_overflow_statue_of_worship, uniq_prince_ribbit1
D:7:      layout_basic, general_overflow_altar, hangedman_abyss_or_decor_passed,
          minmay_stone_trees_small, minivault_5,
          minmay_guarded_unrand_staff_of_olgreb, uniq_joseph,
          uniq_crazy_yiuf_cottage
D:8:      layout_basic, enter_bailey_4, gammafunk_ghost_grave, uniq_gastronok,
          uniq_harold, uniq_grum, uniq_erica, uniq_maggie

Skill      XL: |  1  2  3  4  5  6  7  8 |
---------------+-------------------------+-----
Stealth        | 2 3 4 |  4.4
Dodging        | 2 3 4 |  4.0
Fighting       | 1 2 3 |  3.1
Shields        | 1 2 3 |  3.5
Spellcasting   | 3 4 |  4.1
Conjurations   | 5 |  5.7
Air Magic      | 1 2 |  2.4
Fire Magic     | 1 2 |  2.4
Evocations     | 1 2 |  2.5

Action                   |  1- 3 |  4- 6 |  7- 9 || total
-------------------------+-------+-------+-------++-------
Melee: Unarmed           |     8 |       |       ||     8
       Trident           |    26 |    15 |       ||    41
       Dagger            |       |    57 |    82 ||   139
       Tailslap          |       |     9 |    12 ||    21
 Cast: Magic Dart        |    91 |    98 |    65 ||   254
       Searing Ray       |       |    17 |    11 ||    28
 Abil: Breathe Steam     |       |       |     2 ||     2
Evoke: Wand              |       |     1 |       ||     1
  Use: Scroll            |       |       |    14 ||    14
Armor: Skin              |    15 |    22 |    32 ||    69
Dodge: Dodged            |    21 |    43 |    37 ||   101
Block: Buckler           |     9 |    23 |    38 ||    70

Table legend: (Time is in decaauts)
 A = Elapsed time spent in this place.
 B = Non-inter-level travel time spent in this place.
 C = Inter-level travel time spent in this place.
 D = Time resting spent in this place.
 E = Time spent auto-exploring this place.
 F = Levels seen in this place.
 G = Mean time per level.
                   A        B        C        D        E       F      G
               +--------+--------+--------+--------+--------+-----+--------+
         Total |   6839 |   6762 |     77 |   1568 |   3109 |   7 |  977.0 |
       Dungeon |   6839 |   6762 |     77 |   1568 |   3109 |   7 |  977.0 |
               +--------+--------+--------+--------+--------+-----+--------+

Top non-repeatable levels by time:
     D:3: 1762 daAuts
     D:1: 1698 daAuts
     D:2: 1436 daAuts
     D:4: 1313 daAuts
     D:7: 240 daAuts
     D:8: 194 daAuts
     D:5: 193 daAuts
